 Dungeon Crawl Stone Soup version 0.17-a0-737-gf0a300a (webtiles) character file.

4165 Ngotmuk the Protected (level 10, -1/91 HPs)
             Began as a Deep Dwarf Fighter on Apr 27, 2015.
             Was a Follower of Ru.
             Slain by hornqvist's ghost (2 damage)
             ... on level 9 of the Dungeon.
             The game lasted 00:22:38 (6773 turns).

Ngotmuk the Protected (Deep Dwarf Fighter)          Turns: 6773, Time: 00:22:38

Health: -1/91      AC: 21    Str: 22    XL:     10   Next: 7%
Magic:  9/9        EV:  8    Int: 10    God:    Ru [*.....]
Gold:   228        SH: 11    Dex: 12    Spells: 0 memorised, 9 levels left

rFire  . . .     SeeInvis .     r - +3 hand axe (elec)
rCold  + . .     Clarity  .     w - +0 plate armour
rNeg   . . .     SustAb   .     c - +0 shield
rPois  .         Gourm    .     (no helmet)
rElec  .         Spirit   .     J - +0 cloak
rCorr  .         Warding  .     i - +0 pair of gloves
rMut   .         Stasis   .     (no boots)
MR     +....                    (no amulet)
Stlth  ..........               h - +5 ring of protection
                                b - ring of protection from cold

@: non-regenerating, somewhat resistant to hostile enchantments, extremely
unstealthy
A: damage resistance, recharge devices, blink 1, low mp 1, sense surroundings 2,
slow healing 3, no stealth, hated by all
a: Device Recharging, Blink, Renounce Religion


You were on level 9 of the Dungeon.
You worshipped Ru.
Ru was aware of your devotion.
You were not hungry.

You visited 2 branches of the dungeon, and saw 10 of its levels.
You also visited: Ossuary.

You collected 494 gold pieces.
You spent 266 gold pieces at shops.

Inventory:

Hand weapons
 r - a +3 hand axe of electrocution (weapon)
Armour
 c - a +0 shield (worn)
 i - a +0 pair of gloves (worn)
 w - a +0 plate armour (worn)
 J - a +0 cloak (worn)
Jewellery
 b - a ring of protection from cold (left hand)
 h - a +5 ring of protection (right hand)
 t - an uncursed ring of positive energy
Magical devices
 e - a wand of heal wounds (0)
 g - a wand of magic darts (0)
 y - a wand of frost (23)
 B - a wand of polymorph (8)
 E - a wand of random effects (28)
 G - a wand of slowing (19)
Scrolls
 a - a scroll of fear {unknown}
 j - a scroll of amnesia
 o - a scroll of enchant weapon
 p - 2 scrolls of teleportation
 x - a scroll of enchant armour
 A - a scroll of fog
 D - 4 scrolls of immolation
 H - a scroll of silence
Potions
 d - 3 potions of might
 f - a potion of resistance
 k - 5 potions of lignification {unknown}
 l - 2 potions of magic {unknown}
 m - a potion of heal wounds {unknown}
 n - 4 potions of curing {unknown}
 q - 2 potions of haste {unknown}
 u - 5 potions of agility
 z - 2 potions of restore abilities
 C - a potion of invisibility {unknown}
 F - a potion of cure mutation {unknown}
 I - a potion of ambrosia {unknown}
Comestibles
 s - 2 meat rations
 v - 4 bread rations
 K - 4 fruits


   Skills:
 + Level 6.2 Fighting
 + Level 7.6 Axes
 + Level 8.2 Armour
 + Level 6.7 Dodging
 + Level 8.0 Shields


You had 9 spell levels left.
You didn't know any spells.

Dungeon Overview and Level Annotations

Branches:
Dungeon (9/15)             Temple (1/1) D:7
   Lair: D:8-11         Orc: D:9-12

Altars:
Ashenzari
Cheibriados
Dithmenos
Elyvilon
Fedhas
Gozag
Kikubaaqudgha
Makhleb
Nemelex Xobeh
Okawaru
Qazlal
Ru
Sif Muna
Trog
Vehumet
Xom
Yredelemnul
Zin
The Shining One

Shops:
D:8 *

Annotations:
D:9 hornqvist's ghost, powerful GrFi


Innate Abilities, Weirdness & Mutations

You are resistant to damage.
You can recharge devices by infusing magical energy.
You passively map the area around you.
You do not heal naturally.
You cannot be stealthy.
You are hated by all.
You can translocate small distances at will.
Your magical capacity is low (-10% MP).


Message History

You hit hornqvist's ghost but do no damage.
Hornqvist's ghost is moderately damaged.
Hornqvist's ghost hits you!
* * * LOW HITPOINT WARNING * * *
Hornqvist's ghost freezes you.
You closely miss hornqvist's ghost.
Hornqvist's ghost is moderately damaged.
Hornqvist's ghost hits you.
You hit hornqvist's ghost but do no damage.
Hornqvist's ghost is moderately damaged.
You block hornqvist's ghost's attack.
You hit hornqvist's ghost but do no damage.
Hornqvist's ghost is moderately damaged.
Hornqvist's ghost hits you!
* * * LOW HITPOINT WARNING * * *
Hornqvist's ghost freezes you.
You closely miss hornqvist's ghost.
Hornqvist's ghost is moderately damaged.
Hornqvist's ghost hits you.
You die...

#...........###.#.....#.
#...............#.######
#...........#####.....#.
#...........# #####.#.
#########.### #.......
###.# ######## #...# ,
#.### ** * ######@##* ,,
#.....W.#, , , , ,
#####.### * , #.?...# *
, ,, * #####.#,* , ,, ,
, , * * , * * * ,, , *,,
, , , * ***,


You could see hornqvist's ghost.

Vanquished Creatures
  The ghost of Ngotmuk the Cleaver, an experienced DDFi of Ru (D:6)
  Grinder (D:5)
  The ghost of Duskembrace the Geomancer, an average GrEE (D:5)
  A wyvern (D:8)
  Edmund (D:5)
  The ghost of Bikaver the Cutter, an average KoEn (D:4)
  Duvessa (D:7)
  A centaur (D:5)
  4 orc warriors
  2 black bears
  An ogre (D:7)
  2 ice beasts
  A phantom (D:3)
  2 giant frogs (D:9)
  2 big kobolds
  Dowan (D:7)
  4 scorpions
  A jelly (D:5)
  2 crimson imps (D:9)
  2 centaur zombies (Ossuary)
  8 orc wizards
  2 human zombies (Ossuary)
  Crazy Yiuf (D:7)
  A gnoll shaman (D:4)
  4 orc priests
  A giant frog zombie (D:7)
  2 giant frog skeletons
  4 worker ants
  2 iguanas
  A big kobold zombie (Ossuary)
  6 mummies (Ossuary)
  2 worker ant zombies (D:7)
  11 adders
  3 gnolls (D:4)
  An ooze (D:2)
  3 worms
  2 giant geckos
  36 orcs
  3 giant cockroaches
  10 hobgoblins
  8 jackals
  3 quokkas
  A ball python (D:2)
  9 bats
  A giant gecko skeleton (D:8)
  6 giant newts
  A gnoll zombie (Ossuary)
  12 goblins
  21 kobolds
  A kobold zombie (Ossuary)
  An orc zombie (Ossuary)
  A quokka skeleton (D:5)
  11 rats
  A ballistomycete (D:8)
212 creatures vanquished.

Vanquished Creatures (others)
  A jackal (D:8)
  A giant spore (D:8)
  A kobold (D:7)
3 creatures vanquished.

Grand Total: 215 creatures vanquished

Notes
Turn   | Place    | Note
--------------------------------------------------------------
     0 | D:1      | Ngotmuk, the Deep Dwarf Fighter, began the quest for the Orb.
     0 | D:1      | Reached XP level 1. HP: 20/20 MP: 1/1
   792 | D:2      | Reached XP level 2. HP: 27/27 MP: 2/2
  1005 | D:2      | Reached XP level 3. HP: 31/33 MP: 3/3
  1171 | D:2      | Reached skill level 4 in Armour
  1313 | D:3      | Reached XP level 4. HP: 19/40 MP: 4/4
  1319 | D:3      | Reached skill level 1 in Dodging
  1354 | D:3      | HP: 2/42 [orc priest/divine providence (15)]
  1357 | D:3      | Reached XP level 5. HP: 1/49 MP: 5/5
  1404 | D:3      | Noticed a phantom
  1419 | D:3      | Killed a phantom
  1599 | D:3      | Reached XP level 6. HP: 20/56 MP: 6/6
  1606 | D:3      | Noticed a scorpion
  1620 | D:3      | Killed a scorpion
  1671 | D:3      | Reached skill level 5 in Armour
  2012 | D:4      | Noticed Bikaver's ghost (average KoEn)
  2027 | D:4      | Killed Bikaver's ghost
  2115 | D:4      | Found an iron altar of Okawaru.
  2157 | D:4      | Found a shimmering altar of Xom.
  2276 | D:4      | Reached skill level 5 in Shields
  2611 | D:4      | Found a basalt altar of Yredelemnul.
  2611 | D:4      | Found an opulent altar of Gozag.
  2888 | D:5      | Entered Level 5 of the Dungeon
  2921 | D:5      | Reached XP level 7. HP: 22/63 MP: 7/7
  2997 | D:5      | Noticed Edmund
  3015 | D:5      | Killed Edmund
  3224 | D:5      | Noticed Duskembrace's ghost (average GrEE)
  3235 | D:5      | Noticed Grinder
  3235 | D:5      | Paralysed by Grinder for 3 turns
  3242 | D:5      | Paralysed by Grinder for 7 turns
  3263 | D:5      | Killed Grinder
  3263 | D:5      | Reached skill level 5 in Axes
  3263 | D:5      | Reached skill level 6 in Armour
  3263 | D:5      | Reached XP level 8. HP: 48/73 MP: 8/8
  3337 | D:5      | Killed Duskembrace's ghost
  3479 | D:5      | Found a shadowy altar of Dithmenos.
  3698 | D:6      | Gained mutation: You can translocate small distances at will. [potion of mutation]
  3698 | D:6      | Gained mutation: Your magical capacity is low (-10% MP). [potion of mutation]
  3835 | D:6      | Found a snail-covered altar of Cheibriados.
  3897 | D:6      | Found a sand-covered staircase.
  3902 | Ossuary  | Entered an ossuary
  3934 | Ossuary  | Reached skill level 5 in Fighting
  3961 | Ossuary  | Reached skill level 5 in Dodging
  4201 | D:6      | Found a sacrificial altar of Ru.
  4205 | D:6      | Became a worshipper of Ru the Awakened
  4518 | D:6      | Gained mutation: You passively map the area around you. [Deep Dwarf growth]
  4518 | D:6      | Reached XP level 9. HP: 33/81 MP: 8/8
  4602 | D:6      | Noticed Ngotmuk's ghost (experienced DDFi)
  4615 | D:6      | Killed Ngotmuk's ghost
  4615 | D:6      | Reached skill level 7 in Armour
  4843 | D:7      | Found a radiant altar of Vehumet.
  4929 | D:7      | Found a staircase to the Ecumenical Temple.
  4946 | Temple   | Entered the Ecumenical Temple
  4951 | Temple   | Gained mutation: You are hated by all. [Ru sacrifice]
  4951 | Temple   | Acquired Ru's first power
  5183 | D:7      | Noticed Dowan
  5184 | D:7      | Noticed Duvessa
  5191 | D:7      | Killed Dowan
  5197 | D:7      | Killed Duvessa
  5206 | D:7      | Found a burning altar of Makhleb.
  5521 | D:7      | Noticed Crazy Yiuf
  5530 | D:7      | Killed Crazy Yiuf
  5903 | D:8      | Reached skill level 8 in Armour
  5925 | D:8      | Found Desanaer's Assorted Antiques.
  5934 | D:8      | Bought a pair of fine gloves for 266 gold pieces
  5944 | D:8      | Identified the cursed -7 pair of gloves of Distant Worlds {rElec} (You bought it in a shop on level 8 of the Dungeon)
  6186 | D:8      | Found a basalt altar of Yredelemnul.
  6421 | D:9      | Found a blossoming altar of Fedhas.
  6422 | D:9      | Found an ancient bone altar of Kikubaaqudgha.
  6430 | D:9      | Reached XP level 10. HP: 45/91 MP: 9/9
  6450 | D:9      | Found a shattered altar of Ashenzari.
  6529 | D:9      | Gained mutation: You cannot be stealthy. [Ru sacrifice]
  6695 | D:9      | Noticed hornqvist's ghost (powerful GrFi)
  6772 | D:9      | HP: 1/91 [hornqvist's ghost (6)]
  6773 | D:9      | Slain by hornqvist's ghost

Action                   |  1- 3 |  4- 6 |  7- 9 | 10-12 || total
-------------------------+-------+-------+-------+-------++-------
Melee: War axe           |    93 |       |       |       ||    93
       Hand axe          |    15 |   175 |   401 |   115 ||   706
Invok: Sacrifice Love    |       |       |     1 |       ||     1
       Sacrifice Stealth |       |       |       |     1 ||     1
Evoke: Wand              |       |     2 |    24 |     1 ||    27
  Use: Scroll            |       |     6 |    16 |       ||    22
       Potion            |       |       |     1 |       ||     1
  Eat: Bread ration      |     1 |       |     1 |     1 ||     3
       Meat ration       |       |     1 |       |       ||     1
       Beef jerky        |       |       |     3 |       ||     3
